AoeStats
← Sir HousedALot

Arabia

510345420Analyzed
2v2 RM · 13h ago on Sep 30, 2026· 42m 40s· 4 players
Game mode
Random Map
Map size
Medium (4 player)
Population
200
Speed
Normal
Resources
Standard
Victory
Conquest
Starting age
Dark Age
Ending age
Imperial Age
RankedLock teamsTeams togetherTeam positionsShared explorationLock speedFull tech treeHidden civsTurbo modeCheats
Victory
Defeat
🇨🇿 Mongols · Czechia
1136
+13
🇦🇷 Franks · Argentina
1043
+18
🇮🇪 Mongols · Ireland
1091
-16
🇮🇳 Varangians · India
1059
-15
SlothPeek
5:57 Loom
8:14 Feudal Age
8:53 Double-Bit Axe
22:41 Castle Age
21:20 Gold Mining
22:05 Horse Collar
22:37 Fletching
22:48 Padded Archer Armor
24:07 Bow Saw
24:22 Bloodlines
26:04 Husbandry
26:45 Bodkin Arrow
28:08 Heavy Plow
37:04 Wheelbarrow
Sir HousedALot
6:36 Loom
8:52 Feudal Age
10:21 Double-Bit Axe
19:07 Castle Age
17:29 Horse Collar
17:40 Gold Mining
18:34 Bloodlines
18:41 Fletching
22:45 Bow Saw
23:45 Bodkin Arrow
24:45 Padded Archer Armor
25:32 Husbandry
27:23 Wheelbarrow
28:37 Heated Shot
38:05 Scale Barding Armor
38:11 Forging
Azmir
9:14 Feudal Age
9:52 Double-Bit Axe
10:54 Loom
18:55 Horse Collar
22:59 Castle Age
20:52 Gold Mining
21:16 Scale Barding Armor
21:51 Forging
22:27 Bloodlines
23:50 Bow Saw
24:00 Heavy Plow
26:04 Wheelbarrow
26:13 Wheelbarrow
27:39 Chain Barding Armor
27:23 Husbandry
37:46 Hand Cart
37:16 Town Watch
39:45 Fletching
Milei
3:42 Loom
10:31 Feudal Age
11:17 Double-Bit Axe
18:14 Town Watch
20:52 Castle Age
20:04 Scale Barding Armor
21:17 Forging
22:49 Husbandry
25:45 Chain Barding Armor
26:43 Town Watch
33:01 Light Cavalry
36:55 Wheelbarrow
42:56 Iron Casting
Connection lost

Rejoining the realm…

Still unreachable

The connection could not be restored.

Session expired

The server has moved on; the page needs a fresh start.